[Event "Early-Titled-Tuesday-Blitz-July-09-2024"]
[Site "Chess.com"]
[Date "2024.07.09"]
[Round "7"]
[White "Losingexperience"]
[Black "suspiciumchess"]
[Result "0-1"]
[WhiteElo "2717"]
[BlackElo "2477"]
[TimeControl "180+1"]
[EndTime "9:21:31 PDT"]
[Termination "suspiciumchess won on time"]

1. e4 g6 2. d4 d6 3. Nc3 c6 4.
Be3 Nf6 5. h3 b5 6. Bd3 Nbd7 7.
Nf3 Bg7 8. O-O O-O 9. Ne2 e5 10. c3 Bb7 11. Ng3 Qc7 12. Re1 a5 13. Qd2 Rfe8 14.
Bh6 Qb6 15. Qg5 Bxh6 16. Qxh6 Qd8 17. Rad1 Qe7 18. Qe3 b4 19. Bc4 Ba6 20. Bb3 Bb5 21. a4 bxa3 22. bxa3 Nb6 23. dxe5 Nfd7 24. exd6 Qf6 25.
e5 Qg7 26. Ng5 Bc4 27. Bxc4 Nxc4 28. Qd4 Ncxe5 29. f4 c5 30. Qd5 h6 31. N5e4 Nb6 32. Qxc5 Ned7 33. Qb5 f5 34. Nc5 Rxe1+ 35. Rxe1 Qxc3 36.
Nxd7 Qxe1+ 37. Kh2 Nxd7 38. Qd5+ Kg7 39. Qxa8 Qe6 40.
Qa6 g5 41. Qd3 Kg6 42. Ne2 Nc5 43. Qd4 Nb3 44. Qb2 Nc5 45. fxg5 hxg5 46. Ng3 Qxd6 47. Qh8 Ne4 48. Qh5+ Kf6 49. Qh6+ Ke7 50. Qxd6+ Nxd6 51. Ne2 Nc4 52. Kg3 Nxa3 53. Nd4 Kf6 54. Nb3 Nc4 55. Nc5 Nb2 56. Kf3 a4 57. Ke3 a3 58. Kd4 a2 59. Nb3 Nd1 60. Kd3 Ke5 61. Kd2 Nf2 62. Kc2 Kf4 63. Kb2 Kg3 64. Nd4 Kxg2 65. Ne6 Nxh3 66. Nxg5 Nxg5 0-1

[Event "Early-Titled-Tuesday-Blitz-July-09-2024"]
[Site "Chess.com"]
[Date "2024.07.09"]
[Round "7"]
[White "kadirsoria"]
[Black "elis06"]
[Result "1/2-1/2"]
[WhiteElo "2237"]
[BlackElo "2404"]
[TimeControl "180+1"]
[EndTime "9:21:31 PDT"]
[Termination "Game drawn by repetition"]

1. e4 c6 2. d4 d5 3. Nc3 dxe4 4. Nxe4 Nd7 5. Ng5 Ngf6 6. Bc4 e6 7. Qe2 Nb6 8. Bd3 Be7 9. N1f3 h6 10. Ne4 Nxe4 11. Qxe4 Qd5 12. O-O Qxe4 13. Bxe4 O-O 14.
c3 f5 15. Bc2 Bd7 16. Ne5 Rfd8 17. Bb3 Nd5 18. c4 Nf6 19. c5 Nd5 20. Bxd5 exd5 21. Bd2 Bf6 22. Rfe1 Be8 23. b4 Bf7 24. a4 a6 25. f4 g5 26. fxg5 hxg5 27. Rf1 Be6 28. Rfe1 Re8 29. g3 Kg7 30. Kg2 Bf7 31. Re2 Re7 32.
Rae1 Rae8 33. Kf2 Bh5 34. Re3 Bxe5 35. Rxe5 Rxe5 36. Rxe5 Rxe5 37. dxe5 Kg6 38. h4 gxh4 39. gxh4 Bd1 40. a5 Bb3 41. Ke3 d4+ 42. Kxd4 Bd5 43.
Bg5 Kh5 44. Ke3 Kg4 45. Bh6 Be6 46. Bf4 Kxh4 47. Bh6 Kg4 48. Bf4 Kh5 49. Kf3 Bd5+ 50. Kg3 Be6 51. Be3 Kg6 52. Kf4 Bd7 53. Bd4 Be6 54.
Bc3 Bd5 55. Bd4 Be6 56. Bc3 Kf7 57. Bd4 Ke7 58. Kg5 Kf7 59. Bc3 Kg7 60. Bd2 Kh7 61. Bf4 Kg7 62. Be3 Kf7 63. Bd2 Ke7 64. Bf4 Kf7 65.
Be3 Ke7 66. Bf4 Kf7 67. Be3 Ke7 68. Bd2 Kd7 69. Kf6 Bd5 70. Kxf5 Be6+ 71. Kf6 Bd5 72. Bf4 Be6 73. Be3 Bd5 74. Bd4 Be6 75. Bc3 Bd5 76.
Bd4 Be6 77. Be3 Bd5 78. Bd4 1/2-1/2

[Event "Early-Titled-Tuesday-Blitz-July-09-2024"]
[Site "Chess.com"]
[Date "2024.07.09"]
[Round "7"]
[White "Vision_64"]
[Black "AmbartsumianTyhran2012"]
[Result "0-1"]
[WhiteElo "2329"]
[BlackElo "2562"]
[TimeControl "180+1"]
[EndTime "9:21:32 PDT"]
[Termination "AmbartsumianTyhran2012 won by resignation"]

1. e4 e6 2. d4 d5 3. Bd3 Nf6 4. e5 Nfd7 5. c3 c5 6. Ne2 Nc6 7. a3 c4 8. Bc2 Na5 9. O-O Nb6 10. f4 Qc7 11. f5 exf5 12. Bxf5 Bxf5 13. Rxf5 O-O-O 14. Bg5 Re8 15. Nd2 h6 16. Bh4 g6 17.
Rf3 Bg7 18. Qf1 Rhf8 19. Bf6 Rg8 20. Ng3 Bxf6 21. Rxf6 Rg7 22. h4 h5 23. Qf4 Nb3 24. Rf1 Re7 25. Qh6 Rg8 26. Nf3 Nd7 27. Rf4 Nf8 28. Ng5 Ne6 29. Rf6 Nxg5 30. Qxg5 Rd8 31.
Qh6 Rdd7 32. Qf8+ Qd8 33. Qg7 Qe8 34. Ne2 Nd2 35. R1f2 Ne4 36. R2f4 Nxf6 37. Rxf6 Re6 38. Nf4 Rxf6 39. Qxf6 Qe7 40. Qh8+ Qd8 41. Qg7 Qxh4 42.
Qf8+ Rd8 43. Qc5+ Kb8 44. Nxd5 Qe1+ 45. Kh2 Qh4+ 46. Kg1 Rxd5 47. Qxd5 Qe1+ 48. Kh2 Qh4+ 49. Kg1 Qe7 50. Qxc4 f5 51. exf6 Qe1+ 52. Kh2 Qh4+ 53.
Kg1 Qxf6 54. Qd5 a6 55. Qe4 Kc7 56. Kh2 g5 57. g3 Qf2+ 58. Qg2 Qe3 59. Qd5 Qd2+ 60.
Qg2 Qc1 61. Qf3 Qxb2+ 62. Qg2 Qxc3 63. d5 Qe5 64. d6+ Qxd6 65. Qf3 h4 66. Qg4 Qxg3+ 67. Qxg3+ hxg3+ 68. Kxg3 Kb6 69. Kg4 Ka5 70. Kxg5 Ka4 71. Kf4 Kxa3 72. Ke5 b5 73. Kd4 b4 74. Kc4 b3 0-1

[Event "Early-Titled-Tuesday-Blitz-July-09-2024"]
[Site "Chess.com"]
[Date "2024.07.09"]
[Round "7"]
[White "GeorgiosSouleidis"]
[Black "Gryffindorac8"]
[Result "1/2-1/2"]
[WhiteElo "2649"]
[BlackElo "2498"]
[TimeControl "180+1"]
[EndTime "9:21:35 PDT"]
[Termination "Game drawn by stalemate"]

1. e4 c5 2. Be2 Nf6 3. d3 Nc6 4. f4 d6 5. Nf3 g6 6. O-O Bg7 7.
c3 O-O 8. Kh1 Rb8 9. Be3 b5 10.
a3 a5 11. Nbd2 b4 12. d4 bxc3 13. bxc3 d5 14. e5 Ne4 15. Nxe4 dxe4 16. Ng5 cxd4 17. cxd4 e6 18. Nxe4 Ne7 19. Nd6 Bb7 20. Bf3 Bxf3 21.
Qxf3 Rb3 22. Qe4 Qb6 23. Bg1 Nd5 24. Nc4 Qa6 25. Ne3 Nxe3 26. Bxe3 Rd8 27. Rfb1 Rxb1+ 28. Qxb1 Qe2 29. Qe1 Qd3 30. Bg1 a4 31. Qd1 Qb5 32.
Rb1 Qc6 33. Rb4 Bh6 34. Qxa4 Qc1 35. d5 exd5 36. Rd4 Bg7 37. Qb3 Qe1 38. Rxd5 Rxd5 39. Qxd5 Qa1 40. Qd8+ Bf8 41. Qa8 Qxa3 42. Qxa3 Bxa3 43.
g3 Bf8 44. Kg2 h5 45. Kf3 Be7 46. Ke4 Kg7 47. Kd5 Bd8 48. Bd4 Ba5 49. e6+ Kf8 50. Bc5+ Ke8 51. h3 Bc7 52. Be3 Ke7 53. exf7 Kxf7 54.
g4 hxg4 55. hxg4 Bb8 56. Ke4 Bc7 57. Bd4 Bd6 58. Be5 Be7 59. Kd5 Bd8 60. Bd6 Bf6 61.
g5 Bd8 62. Ke4 Ba5 63. Be5 Bd8 64. Kd5 Be7 65. Kc6 Ba3 66. Kd7 Bc1 67. Kd6 Bd2 68. Kd5 Bc1 69. Ke4 Bd2 70. Bd4 Bc1 71. Be3 Bb2 72.
f5 gxf5+ 73. Kxf5 Kg8 74. g6 Ba3 75. Bg5 Bb2 76. Bf6 Bc1 77. Be5 Bd2 78. Bf6 Bc1 79. Bg5 Bxg5 80. Kxg5 Kg7 81. Kf5 Kg8 82. Kf6 Kf8 83.
g7+ Kg8 84. Kg6 1/2-1/2

[Event "Early-Titled-Tuesday-Blitz-July-09-2024"]
[Site "Chess.com"]
[Date "2024.07.09"]
[Round "7"]
[White "GMG"]
[Black "yaguigor"]
[Result "0-1"]
[WhiteElo "2794"]
[BlackElo "2618"]
[TimeControl "180+1"]
[EndTime "9:21:36 PDT"]
[Termination "yaguigor won on time"]

1. Nf3 d5 2. g3 c6 3. Bg2 Nf6 4. c4 dxc4 5. O-O Nbd7 6. Qc2 Nb6 7. a4 a5 8. Na3 g6 9. Ne5 Bg7 10. Naxc4 Nxc4 11. Nxc4 O-O 12. b3 Nd5 13. Bb2 Nb4 14. Qc1 Bxb2 15. Qxb2 b6 16. Ne5 Qd6 17. Rac1 Bd7 18.
h4 h5 19. Nc4 Qc7 20. Qd4 c5 21. Qe3 Bc6 22. Qh6 Bxg2 23. Kxg2 Qc6+ 24. f3 Qf6 25. Qg5 Qxg5 26. hxg5 Rab8 27. Rh1 Rfd8 28. d3 f6 29. gxf6 exf6 30. Rh4 Kf7 31. Rch1 Nc2 32. g4 hxg4 33. Rh7+ Ke6 34. fxg4 Nd4 35. R1h3 Re8 36. Rc7 f5 37. g5 f4 38. Rhh7 Kf5 39. Nd6+ Kxg5 40. Nxe8 Rxe8 41. Rhe7 Rxe7 42. Rxe7 Nxb3 43. Re6 Nd4 44. Rxb6 Nxe2 45. Rc6 Kf5 46. Rxc5+ Kg4 47. Rxa5 f3+ 48. Kf2 Nf4 49. Ra8 Nxd3+ 50. Ke3 Nf4 51. a5 Kg3 52. Rf8 g5 53.
Rb8 Nd5+ 54. Kd4 f2 55. Rb1 Nb4 56. Kc4 Nc6 57. a6 Kg2 58. Kc5 Na7 59. Kb6 Nc8+ 60.
Kc7 Na7 61. Kb7 Nb5 62. Kb6 Nd6 63. Kc6 Nc8 64. Kb7 Nd6+ 65. Kc6 Nc8 66. Kb7 Nd6+ 67. Kb8 Nb5 68. Rxb5 f1=Q 69. Rb2+ Kg3 70. a7 Qf8+ 71.
Kb7 Qg7+ 72. Ka6 Qxb2 0-1

[Event "Early-Titled-Tuesday-Blitz-July-09-2024"]
[Site "Chess.com"]
[Date "2024.07.09"]
[Round "7"]
[White "krzyzan94"]
[Black "Oleg_Papayan"]
[Result "0-1"]
[WhiteElo "2774"]
[BlackElo "2600"]
[TimeControl "180+1"]
[EndTime "9:21:45 PDT"]
[Termination "Oleg_Papayan won by checkmate"]

1. d4 d5 2. Nf3 Nf6 3. Bf4 c5 4. e3 Nc6 5. Nbd2 Qb6 6. dxc5 Qxb2 7. Rb1 Qc3 8. Bb5 g6 9. O-O Bg7 10. Nb3 O-O 11. Bxc6 bxc6 12. Be5 Qc4 13. Nfd4 Bd7 14. Qd3 Qxd3 15. cxd3 a5 16. Nd2 Ng4 17. Bxg7 Kxg7 18. Rb7 Rfd8 19. h3 Ne5 20. Rb3 a4 21. Rc3 f6 22. f4 Nf7 23. Rb1 e5 24. Nc2 Rdb8 25.
Rb4 Nd8 26. fxe5 fxe5 27. Nf3 Kf6 28. d4 e4 29. Ne5 Be8 30. a3 Nf7 31. Nxf7 Kxf7 32.
Rxb8 Rxb8 33. Nb4 Ke6 34. Rc1 Bd7 35. Rf1 Ke7 36. Rf2 Rf8 37. Kf1 Rxf2+ 38. Kxf2 g5 39. Kg3 h5 40. Na2 Kf6 41. Nc3 h4+ 42. Kf2 Ke7 43.
Nxa4 Kd8 44. Nb6 Be6 45. Na4 Kc7 46. Nb2 Kb7 47. g4 Ka6 48. Ke2 Ka5 49. Ke1 Bd7 50.
Kf2 Be6 51. Kg2 Bd7 52. a4 Kb4 53. Kf2 Bc8 54. Ke1 Kb3 55. Nd1 Kxa4 56. Kd2 Kb4 57.
Kc2 Ba6 58. Nf2 Bf1 59. Kd2 Kc4 60. Kc2 Bg2 61. Kd2 Kb4 62. Kc2 Kc4 63. Kd1 Kc3 64.
Ke2 Bf3+ 65. Ke1 Kc2 66. Kf1 Kd2 67. Kg1 Kxe3 68. Kh2 Kxd4 69. Kg1 Kxc5 70. Kf1 Kd4 71. Ke1 c5 72. Kf1 c4 73. Kg1 c3 74. Nd1 Bxd1 75.
Kf2 Ba4 76. Ke1 Kd3 77. Kf2 d4 78. Ke1 Bb5 79. Kf2 Bc4 80. Kg2 Bd5 81. Kf2 c2 82. Ke1 Bc4 83. Kf2 Be6 84. Kg2 Bxg4 85. hxg4 c1=Q 86. Kh3 Qe3+ 87. Kg2 Qf3+ 88. Kh2 Qg3+ 89.
Kh1 Qxg4 90. Kh2 Ke3 91. Kh1 Kf2 92. Kh2 Qg2# 0-1

[Event "Early-Titled-Tuesday-Blitz-July-09-2024"]
[Site "Chess.com"]
[Date "2024.07.09"]
[Round "7"]
[White "HypeMan111"]
[Black "adreyd"]
[Result "1/2-1/2"]
[WhiteElo "2298"]
[BlackElo "2413"]
[TimeControl "180+1"]
[EndTime "9:21:45 PDT"]
[Termination "Game drawn - insufficient material"]

1. e4 b6 2. d4 Bb7 3. Bd3 e6 4. Nf3 c5 5. c3 Nf6 6. Qe2 Be7 7. O-O Nc6 8. Bf4 d5 9. e5 Nd7 10. Nbd2 g5 11. Be3 h5 12. Rac1 g4 13. Ne1 c4 14.
Bb1 Qc7 15. f3 f5 16. exf6 Nxf6 17. Bg5 Kd7 18. Bxf6 Bxf6 19. fxg4 hxg4 20. g3 Bg5 21. Rd1 Rag8 22. Ng2 Rxh2 23. Kxh2 Rh8+ 24. Kg1 Qxg3 25.
Nf3 gxf3 26. Rxf3 Qh2+ 27. Kf2 Bh4+ 28. Ke3 Bg5+ 29. Nf4 Qxe2+ 30. Kxe2 Rh2+ 31. Ke3 Rxb2 32. Rg1 Bxf4+ 33. Rxf4 Ne7 34. Rg7 Rxb1 35. Rff7 Rb2 36. Rxe7+ Kc6 37. Rxb7 Rxa2 38. Rgc7+ Kb5 39. Rxa7 Rc2 40.
Ra3 Rb2 41. Re7 Rb3 42. Rxb3+ cxb3 43. Kd2 Kc4 44. Rb7 Kb5 45. Kc1 Kc6 46. Kb2 Kxb7 47. Kxb3 Kc6 48. Kb4 Kc7 49. Ka4 Kb7 50. Kb5 Kc7 51. Kb4 Kc6 52. Ka4 Kd7 53. Kb5 Kc7 54.
Kb4 Kb8 55. Kb5 Kb7 56. Kb4 Ka6 57. Ka4 b5+ 58. Kb3 Kb6 59. Kb4 Ka6 60. Kc5 Ka5 61.
Kd6 Ka4 62. Kxe6 Kb3 63. Kxd5 Kxc3 64. Kc5 b4 65. d5 b3 66. d6 b2 67. d7 b1=Q 68. d8=Q Qb4+ 69. Kc6 Qa4+ 70. Kc7 Qa5+ 71. Kd7 Qd5+ 72. Ke7 Qe5+ 73. Kd7 Qd5+ 74. Ke7 Qb7+ 75. Qd7 Qe4+ 76. Kf8 Qf4+ 77. Kg8 Qg5+ 78. Kh7 Qh5+ 79. Kg7 Qg5+ 80. Kf7 Qf4+ 81. Ke7 Qe5+ 82. Qe6 Qc7+ 83. Kf6 Qf4+ 84. Kg6 Qg3+ 85. Kf7 Qf4+ 86. Qf6+ Qxf6+ 87. Kxf6 1/2-1/2

[Event "Early-Titled-Tuesday-Blitz-July-09-2024"]
[Site "Chess.com"]
[Date "2024.07.09"]
[Round "7"]
[White "karinachess1"]
[Black "GilbertoHernandezAmura"]
[Result "1/2-1/2"]
[WhiteElo "2673"]
[BlackElo "2518"]
[TimeControl "180+1"]
[EndTime "9:21:46 PDT"]
[Termination "Game drawn - insufficient material"]

1. d4 Nf6 2. c4 e6 3. Nc3 Bb4 4. e3 d5 5. cxd5 exd5 6. Bd3 O-O 7. a3 Bd6 8. Nge2 c6 9. Bd2 Bg4 10. Qc2 Nbd7 11. O-O Bh5 12. f3 Bg6 13. g4 Nb6 14. b3 Rc8 15. b4 Nc4 16. Ng3 Bxg3 17. hxg3 Re8 18. Rfe1 Qd6 19. Kf2 b6 20. Ne2 c5 21.
bxc5 bxc5 22. Bxg6 hxg6 23. dxc5 Qxc5 24. Qd3 Ne5 25.
Qd4 Qb5 26. Nc3 Qd3 27. Re2 Rc4 28. Qxd3 Nxd3+ 29. Kf1 Rec8 30. Nb5 R8c6 31. Nd4 Rb6 32. Ba5 Ra6 33. Be1 Nd7 34. Rd2 N3c5 35. Rb2 Rb6 36. Rb4 Nd3 37. Rxb6 axb6 38. Rb1 Ra4 39. Bb4 Nxb4 40.
axb4 Ra3 41. Kf2 Ra2+ 42. Kf1 Ne5 43. Rc1 Nc4 44. Re1 Nd2+ 45. Kg1 g5 46. b5 Rb2 47. f4 Kh7 48. Re2 Nf3+ 49. Kf2 Nd2 50. Kg2 Kg6 51. f5+ Kf6 52. Nf3 Nc4 53. Rxb2 Nxb2 54.
Nd4 Nc4 55. Kf3 Na3 56. Ke2 Ke5 57. Kd3 Nc4 58. Nf3+ Kf6 59. Kd4 Na3 60. Kxd5 Nxb5 61. e4 Ke7 62. e5 Nc3+ 63. Kc6 Ne2 64. Kxb6 Nxg3 65. Nxg5 f6 66. Nf3 fxe5 67. Nxe5 Kf6 68. Nf3 Nf1 69. Kc5 Ne3 70. Nh2 Kg5 71. Kd4 Nxg4 72.
Nxg4 Kxf5 73. Ne3+ Kf4 74. Kd3 g5 75. Ke2 Kg3 76.
Kf1 Kf3 77. Ng2 g4 78. Ne1+ Kg3 79. Ng2 Kh2 80. Ne1 g3 81. Ng2 Kh3 82. Ne1 Kh2 83. Ng2 Kh1 84. Ne1 g2+ 85. Nxg2 1/2-1/2

[Event "Early-Titled-Tuesday-Blitz-July-09-2024"]
[Site "Chess.com"]
[Date "2024.07.09"]
[Round "7"]
[White "YairParkhov"]
[Black "ShahMatKanal"]
[Result "1/2-1/2"]
[WhiteElo "2759"]
[BlackElo "2567"]
[TimeControl "180+1"]
[EndTime "9:21:58 PDT"]
[Termination "Game drawn - insufficient material"]

1. d4 d5 2. c4 e6 3. Nf3 Nf6 4. g3 Be7 5. Bg2 O-O 6. Qc2 c6 7. Nbd2 Nbd7 8. e4 b6 9. e5 Ne8 10. h4 h6 11. cxd5 cxd5 12. O-O Ba6 13. Re1 Rc8 14. Qb3 Qc7 15. Nf1 Qc2 16. Qxc2 Rxc2 17.
Ne3 Rc6 18. Bd2 Nc7 19. Rac1 Rxc1 20. Rxc1 Rc8 21. Bf1 Bb7 22. h5 Ne8 23. Rxc8 Bxc8 24. Ne1 Nc7 25. N1c2 Ba6 26. Bb4 Bxb4 27. Nxb4 Bxf1 28. Kxf1 Kf8 29. Nc6 a6 30. f4 Ke8 31.
g4 a5 32. g5 Kf8 33. Ke2 Na6 34. a3 Ndb8 35. Na7 Nc7 36. Ng4 hxg5 37. fxg5 Nd7 38.
Kd3 Kg8 39. Nc8 b5 40. Nd6 Nf8 41. h6 Nh7 42. hxg7 Kxg7 43. Nf6 Nxg5 44. Nfe8+ Nxe8 45. Nxe8+ Kg6 46. b4 axb4 47. axb4 Nf3 48. Nd6 f6 49. exf6 Kxf6 50. Nxb5 e5 51. dxe5+ Kxe5 52. Nc7 Nd4 53. Na6 Nb5 54. Nc5 Kd6 55. Nb3 Kc6 56. Na5+ Kb6 57. Nb3 Kc6 58. Nd2 Kb6 59. Nf3 Nc7 60. Nd4 Nb5 61.
Nf5 Nc7 62. Nd6 Nb5 63. Nc8+ Kc6 64. Ne7+ Kd6 65. Nf5+ Kc6 66. Kc2 d4 67. Kd3 Kd5 68.
Ne7+ Kd6 69. Nc8+ Kd5 70. Nb6+ Kc6 71. Na4 Kd5 72. Nb6+ Kc6 73. Nc4 Kd5 74. Na5 Ke5 75. Nb3 Kd5 76. Na5 Ke5 77. Kc4 Nd6+ 78. Kd3 Kd5 79. Nb3 Nb5 80. Nd2 Nc7 81. Nf3 Na6 82.
b5 Nb4+ 83. Kd2 Kc5 84. Nxd4 Kxd4 85. b6 Nc6 86. b7 Kc5 87. Kc3 Kb6 88. b8=Q+ Nxb8 1/2-1/2

[Event "Early-Titled-Tuesday-Blitz-July-09-2024"]
[Site "Chess.com"]
[Date "2024.07.09"]
[Round "7"]
[White "zacachess"]
[Black "KubaGepard"]
[Result "0-1"]
[WhiteElo "2477"]
[BlackElo "2638"]
[TimeControl "180+1"]
[EndTime "9:22:00 PDT"]
[Termination "KubaGepard won by resignation"]

1. e4 e5 2. Nf3 Nc6 3. d4 exd4 4. Nxd4 Nf6 5. Nc3 Nxe4 6. Nxe4 Qe7 7. f3 d5 8. Bb5 Bd7 9. Bxc6 bxc6 10. O-O dxe4 11.
Re1 O-O-O 12. Rxe4 Qb4 13. Nb3 Qb7 14. Qe2 f6 15.
Be3 Bd6 16. Nc5 Bxc5 17. Bxc5 Rhe8 18. b3 f5 19. Re5 Qb5 20. Re1 Rxe5 21. Qxe5 Re8 22.
Qxe8+ Bxe8 23. Rxe8+ Kd7 24. Re5 Qa5 25. b4 Qxa2 26.
Re7+ Kc8 27. Re2 a5 28. bxa5 Qxa5 29. Bd4 g6 30. Be5 Qd5 31. c3 Qd3 32. Kf2 c5 33.
Re3 Qd2+ 34. Re2 Qc1 35. Re1 Qc2+ 36. Re2 Qd3 37. Re3 Qd5 38. Re2 Kb7 39. h3 Kc6 40. h4 Kb5 41. Re1 Kc4 42. Re2 Qd1 43. Re1 Qa4 44.
g3 c6 45. Re2 Qd1 46. Re1 Qd2+ 47. Re2 Qd5 48. Re3 Kb3 49. Re2 Qd3 50. Re3 Qd7 51. Re2 Qb7 52. Re3 Qb5 53. Re2 Qc4 54. Re3 Kc2 55. Re2+ Kd1 56. Re1+ Kd2 57. Re3 Qa6 58.
Re1 c4 59. Re3 Qb6 60. Bd4 Qb1 61. Re2+ Kd3 62. Re3+ Kc2 63. Re2+ Kb3 64. Re1 Qc2+ 65. Re2 Qd1 66. Re3 Qh1 67. Re2 Qh2+ 68. Ke3 Qxg3 69. Bf6 Qd6 70. Kf2 Qxf6 71. Re3 Qxc3 72. Rxc3+ Kxc3 73. Ke3 Kb2 74. Kf4 c3 75. Kg5 c2 76. Kh6 c1=Q+ 77.
Kxh7 g5 78. h5 g4 79. fxg4 fxg4 80. h6 g3 81. Kg7 c5 82. h7 Qg5+ 83. Kh8 Qh5 84.
Kg7 Qxh7+ 85. Kxh7 g2 86. Kh8 g1=N 0-1

[Event "Early-Titled-Tuesday-Blitz-July-09-2024"]
[Site "Chess.com"]
[Date "2024.07.09"]
[Round "8"]
[White "Pitomina"]
[Black "YairParkhov"]
[Result "1-0"]
[WhiteElo "2607"]
[BlackElo "2748"]
[TimeControl "180+1"]
[EndTime "9:23:21 PDT"]
[Termination "Pitomina won by checkmate"]

1. e4 c5 2. Nf3 Nf6 3. e5 Nd5 4.
Nc3 e6 5. Nxd5 exd5 6. d4 Nc6 7. dxc5 Bxc5 8. Qxd5 d6 9. exd6 Qb6 10. Qe4+ Be6 11. Qh4 Nb4 12. Qe7# 1-0

[Event "Early-Titled-Tuesday-Blitz-July-09-2024"]
[Site "Chess.com"]
[Date "2024.07.09"]
[Round "8"]
[White "le-castor-faineant"]
[Black "zacachess"]
[Result "0-1"]
[WhiteElo "2315"]
[BlackElo "2482"]
[TimeControl "180+1"]
[EndTime "9:23:32 PDT"]
[Termination "zacachess won by resignation"]

1. e4 c5 2. Nf3 d6 3. c3 Nf6 4.
Bd3 Bg4 5. h3 Bxf3 6. Qxf3 Nc6 7. Bc2 g6 8. O-O Bg7 9. d3 O-O 10. Bf4 b5 11. Nd2 a5 12. a4 b4 13. c4 Nh5 14.
Rab1 Nd4 0-1

[Event "Early-Titled-Tuesday-Blitz-July-09-2024"]
[Site "Chess.com"]
[Date "2024.07.09"]
[Round "8"]
[White "urano56"]
[Black "FMalexhdez"]
[Result "1-0"]
[WhiteElo "2385"]
[BlackElo "2276"]
[TimeControl "180+1"]
[EndTime "9:24:06 PDT"]
[Termination "urano56 won by resignation"]

1. Nf3 c5 2. g3 d6 3. Bg2 g6 4. d4 cxd4 5. Nxd4 Nf6 6. O-O Bg7 7. c4 O-O 8. Nc3 a6 9. Bg5 h6 10. Bc1 Qc7 11. b3 Nc6 12. Bb2 Nxd4 13. Qxd4 Nd7 14. Qxg7+ Kxg7 15. Nd5+ 1-0

[Event "Early-Titled-Tuesday-Blitz-July-09-2024"]
[Site "Chess.com"]
[Date "2024.07.09"]
[Round "8"]
[White "FARIZA2018"]
[Black "MarijaKuznecova"]
[Result "1-0"]
[WhiteElo "2639"]
[BlackElo "2444"]
[TimeControl "180+1"]
[EndTime "9:24:39 PDT"]
[Termination "FARIZA2018 won by resignation"]

1. e4 c5 2. Nf3 d6 3. d4 cxd4 4. Nxd4 Nf6 5. Nc3 a6 6. Be2 e5 7. Nb3 Be7 8. O-O O-O 9. Qd3 Be6 10. Bd2 Nc6 11. Nd5 Bxd5 12. exd5 Nb8 13. c4 Nbd7 14. Na5 Qc7 15. b4 Rac8 16. Rac1 Nb8 17. Qh3 Nfd7 18. Bd3 g6 19. Bh6 Rfe8 20. Kh1 f5 21. Bxf5 gxf5 22. Qg3+ 1-0

[Event "Early-Titled-Tuesday-Blitz-July-09-2024"]
[Site "Chess.com"]
[Date "2024.07.09"]
[Round "8"]
[White "Silent-Killer100"]
[Black "simonachess"]
[Result "0-1"]
[WhiteElo "2485"]
[BlackElo "2324"]
[TimeControl "180+1"]
[EndTime "9:24:54 PDT"]
[Termination "simonachess won by resignation"]

1. f4 g6 2. Nf3 Bg7 3. g3 Nf6 4. Bg2 O-O 5. O-O c5 6. d3 d5 7. Qe1 Nc6 8. e4 dxe4 9. dxe4 Qc7 10. Nc3 a6 11. e5 Ng4 12. Be3 Nxe3 13. Qxe3 Be6 14.
Rad1 Qa5 15. a3 Rad8 16. Ng5 Nd4 17. Nxe6 Nxe6 18. Bxb7 Qb6 19. Bd5 Qxb2 20. Ne4 Qxc2 21. Bxe6 fxe6 22. Nxc5 Rxd1 0-1

[Event "Early-Titled-Tuesday-Blitz-July-09-2024"]
[Site "Chess.com"]
[Date "2024.07.09"]
[Round "8"]
[White "dapsay"]
[Black "Losingexperience"]
[Result "0-1"]
[WhiteElo "2567"]
[BlackElo "2722"]
[TimeControl "180+1"]
[EndTime "9:24:58 PDT"]
[Termination "Losingexperience won by resignation"]

1. e4 c5 2. Nf3 d6 3. d4 cxd4 4. Qxd4 Nc6 5. Bb5 Bd7 6. Bxc6 Bxc6 7. Nc3 Nf6 8. Bg5 e6 9. O-O-O Be7 10. Qd3 O-O 11.
Nd4 Qa5 12. f4 Rfc8 13. h4 Be8 14. Kb1 b5 15. Nb3 Qc7 16. Rd2 a5 17. Nxb5 Bxb5 18. Qxb5 Nxe4 19. Re2 Ng3 20. Bxe7 Qxe7 21. Rhe1 Nxe2 22.
Rxe2 a4 23. Nd4 a3 24. b3 Qf6 25. Qd3 Qxf4 26. c3 Qf1+ 0-1

[Event "Early-Titled-Tuesday-Blitz-July-09-2024"]
[Site "Chess.com"]
[Date "2024.07.09"]
[Round "8"]
[White "JJDAREK"]
[Black "jbking07"]
[Result "1-0"]
[WhiteElo "2362"]
[BlackElo "2453"]
[TimeControl "180+1"]
[EndTime "9:25:20 PDT"]
[Termination "JJDAREK won by checkmate"]

1. Nf3 d5 2. c4 d4 3. b4 c5 4.
bxc5 Nc6 5. g3 e5 6. d3 Bxc5 7. Bg2 Nge7 8. O-O O-O 9. Ba3 Bxa3 10. Nxa3 f5 11. Rb1 Kh8 12. Nd2 a6 13. Nc2 Qd6 14.
Qc1 Rb8 15. Qa3 Qh6 16. Nb4 Qxd2 17. Nxc6 Nxc6 18. Qxf8# 1-0

[Event "Early-Titled-Tuesday-Blitz-July-09-2024"]
[Site "Chess.com"]
[Date "2024.07.09"]
[Round "8"]
[White "Vaathi_Coming"]
[Black "Kildepiotr"]
[Result "1-0"]
[WhiteElo "2914"]
[BlackElo "2703"]
[TimeControl "180+1"]
[EndTime "9:25:22 PDT"]
[Termination "Vaathi_Coming won by resignation"]

1. c4 c6 2. e4 d5 3. exd5 cxd5 4. d4 Nf6 5. Nc3 e6 6. Nf3 Bb4 7. cxd5 Nxd5 8. Bd2 O-O 9. Bd3 Nc6 10. h4 h6 11. Qc1 Nf6 12. Bxh6 Nxd4 13. Bxg7 Kxg7 14. Qg5+ Kh8 15. Qh6+ Kg8 16. O-O-O Re8 17. Ng5 1-0

[Event "Early-Titled-Tuesday-Blitz-July-09-2024"]
[Site "Chess.com"]
[Date "2024.07.09"]
[Round "8"]
[White "JuliaEfremova"]
[Black "JEHUBNER"]
[Result "1-0"]
[WhiteElo "2291"]
[BlackElo "2007"]
[TimeControl "180+1"]
[EndTime "9:25:29 PDT"]
[Termination "JuliaEfremova won by resignation"]

1. d4 d5 2. e4 dxe4 3. f3 exf3 4. Nxf3 Nf6 5. Bc4 c6 6. Bg5 e6 7. O-O Be7 8. Nc3 b5 9. Bb3 a5 10. a3 Ba6 11. Re1 O-O 12. Ne5 Qc7 13. Qf3 Bb7 14. Qh3 Nd5 15. Ne4 f6 16. Qxe6+ Kh8 17. Nf7+ Rxf7 18.
Qxf7 fxg5 19. Qe8+ 1-0

[Event "Early-Titled-Tuesday-Blitz-July-09-2024"]
[Site "Chess.com"]
[Date "2024.07.09"]
[Round "8"]
[White "DawidCzerw"]
[Black "Vision_64"]
[Result "0-1"]
[WhiteElo "2480"]
[BlackElo "2349"]
[TimeControl "180+1"]
[EndTime "9:25:37 PDT"]
[Termination "Vision_64 won by resignation"]

1. e4 e5 2. Nf3 Nc6 3. Bb5 a6 4. Ba4 Nf6 5. d4 b5 6. Bb3 exd4 7. e5 Ng4 8. Bd5 Bc5 9. h3 Nh6 10. Bxh6 gxh6 11. Nh4 Qxh4 12. Qf3 O-O 13. Nd2 Rb8 14. Ne4 Nxe5 15. Qf5 Ng6 16. Nxc5 d6 17.
Nd7 Bxd7 18. Qxd7 Rbe8+ 19. Kf1 Re7 20. Qc6 Rfe8 21. Qxa6 Re2 22. g3 Qf6 23. Rh2 Rxc2 24. Qxb5 Re5 25. Qe2 Rcxe2 0-1

[Event "Early-Titled-Tuesday-Blitz-July-09-2024"]
[Site "Chess.com"]
[Date "2024.07.09"]
[Round "8"]
[White "AcostaPablo"]
[Black "Schack-Hugo"]
[Result "1-0"]
[WhiteElo "2696"]
[BlackElo "2548"]
[TimeControl "180+1"]
[EndTime "9:25:43 PDT"]
[Termination "AcostaPablo won by resignation"]

1. d4 d5 2. c4 e6 3. Nf3 Nf6 4. Nc3 Nbd7 5. cxd5 exd5 6. Bg5 Bb4 7. e3 c5 8. Bd3 Qa5 9. O-O Bxc3 10. bxc3 Qxc3 11.
Rc1 Qa3 12. Bxf6 Nxf6 13. Rxc5 O-O 14. Qb3 Qxb3 15. axb3 b6 16. Rc7 a5 17. Rfc1 Be6 18. Bb5 Rfc8 19. Ng5 Rxc7 20. Rxc7 Rc8 21. Nxe6 1-0

[Event "Early-Titled-Tuesday-Blitz-July-09-2024"]
[Site "Chess.com"]
[Date "2024.07.09"]
[Round "8"]
[White "GrotBchess"]
[Black "bubeliang"]
[Result "0-1"]
[WhiteElo "2596"]
[BlackElo "2807"]
[TimeControl "180+1"]
[EndTime "9:25:50 PDT"]
[Termination "bubeliang won by resignation"]

1. e4 c6 2. d4 d5 3. Nd2 dxe4 4. Nxe4 Nf6 5. Nxf6+ exf6 6. c3 Bd6 7. Bd3 O-O 8. Ne2 Re8 9. O-O Nd7 10. Ng3 g6 11. Qf3 Nf8 12. Bf4 f5 13. Bh6 Ne6 14. Rfe1 Bd7 15.
Rad1 Qh4 16. Bc1 Nf4 17. Bf1 Be6 18. c4 Rad8 19. d5 cxd5 20. cxd5 Bd7 21. Rxe8+ Rxe8 22. Rd4 Nh3+ 23. gxh3 Qxd4 24. Be3 Qxb2 25. Bxa7 Qxa2 26. Bd4 Qd2 27. Bc3 Qc1 28. h4 Bxg3 29. hxg3 Bb5 0-1

[Event "Early-Titled-Tuesday-Blitz-July-09-2024"]
[Site "Chess.com"]
[Date "2024.07.09"]
[Round "8"]
[White "Barmen_EV"]
[Black "Veleamater"]
[Result "0-1"]
[WhiteElo "2512"]
[BlackElo "2417"]
[TimeControl "180+1"]
[EndTime "9:26:03 PDT"]
[Termination "Veleamater won by resignation"]

1. e4 d6 2. d4 g6 3. Nc3 Bg7 4. h4 Nf6 5. Be2 h5 6. Nf3 O-O 7. Bg5 a6 8. a3 Nc6 9. Qd2 Ng4 10. Rf1 f6 11. Bf4 b5 12. Nh2 Nxh2 13. Bxh2 e5 14. dxe5 dxe5 15. Nd5 Be6 16. O-O-O Nd4 17. f4 c6 18. Nc3 Qe7 19. f5 gxf5 20. exf5 Bf7 21. g4 hxg4 22. Bxg4 Kh7 23. Rg1 Bh6 24. Ne4 Bxd2+ 25. Rxd2 Rg8 26. Rdg2 Bd5 27. Bh5 Rxg2 28. Rxg2 Bxe4 29. Bg6+ Kh8 0-1